 Dungeon Crawl Stone Soup version 0.14-a0-3445-g2afddda (webtiles) character file.

213769 Froboctopus the Slingshot (level 19, -3/128 HPs)
             Began as a Halfling Hunter on Mar 23, 2014.
             Was a High Priest of Okawaru.
             Slain by a deep troll earth mage (16 damage)
             ... while paralysed by a giant eyeball
             ... on Level 2 of the Depths.
             The game lasted 03:52:17 (46629 turns).

Froboctopus the Slingshot (Halfling Hunter)        Turns: 46629, Time: 03:52:17

HP  -3/128       AC 35     Str 15      XL: 19   Next: 55%
MP  31/31        EV  3     Int 11      God: Okawaru [*****.]
Gold 4012        SH  0     Dex 19      Spells:  0 memorised, 18 levels left

rFire  + + .     SeeInvis +     c - +4 demon blade (slice)
rCold  + + .     Clarity  .     o - +4 gold dragon armour
rNeg   + . .     Conserve .     p - +0 shield {rC+}
rPois  +         rCorr    +     C - +0 helmet
rElec  .         rRot     .     e - +1 cloak of Peek-a-Boo {rF+ Curse}
SustAb . .       Spirit   .     t - +1 pair of gloves of Psuavuragi {rN+ SInv}
rMut   .         Warding  .     Y - +1 pair of boots
Saprov . . .     Stasis   .     w - amulet of resist corrosion
MR     ++...                    r - ring of protection from magic
                                G - +2,+6 ring of slaying

@: paralysed, heroism, very resistant to hostile enchantments, extremely
unstealthy
A: mutation resistance 1, slow metabolism 1
a: Heroism, Finesse, Renounce Religion
}: 1/15 runes: gossamer


You were on level 2 of the Depths.
You worshipped Okawaru.
Okawaru was extremely pleased with you.
You were not hungry.

You visited 6 branches of the dungeon, and saw 35 of its levels.
You also visited: Trove and Ice Cave.

You collected 5118 gold pieces.
You spent 1106 gold pieces at shops.

Inventory:

Hand weapons
 a - a +6,+7 sling of velocity
 b - the +5,+11 falchion "Nomnef" {flame, Int+3 Stlth+}
   (You found it on level 5 of the Lair of Beasts)

   It emits flame when wielded, causing extra injury to most foes and up to
   double damage against particularly susceptible opponents.
   Big, fiery blades are also staple armaments of hydra-hunters.
   It affects your intelligence (+3).
   It makes you much more stealthy.
 c - a +4,+4 demon blade of slicing (weapon)
Missiles
 d - 19 poisoned sling bullets
 q - 24 silver sling bullets
 z - 6 sling bullets of flame
 N - 9 steel sling bullets
 V - 6 sling bullets of frost
Armour
 e - the +1 cloak of Peek-a-Boo (worn) {rF+ Curse}
   (Okawaru gifted it to you on level 1 of the Spider Nest)

   It protects you from fire.
   It may recurse itself when equipped.
 o - a +4 gold dragon armour (worn)
 p - a +0 shield of cold resistance (worn)
 t - the +1 pair of gloves of Psuavuragi (worn) {rN+ SInv}
   (You acquired it on level 2 of the Spider Nest)

   It protects you from negative energy.
   It enhances your eyesight.
 C - a +0 helmet (worn)
 Y - a +1 pair of boots (worn)
Magical devices
 k - a wand of heal wounds (5)
 A - a wand of digging (3)
 K - a wand of hasting (4)
Comestibles
 f - 2 bread rations
 h - 2 meat rations
 n - a choko
 S - a royal jelly
Scrolls
 i - 3 scrolls of teleportation
 j - 3 scrolls of remove curse
 l - 2 scrolls of magic mapping
 v - a scroll of identify
 x - 2 scrolls of fog
 D - a scroll of enchant weapon II
 P - 3 scrolls of fear
Jewellery
 r - a ring of protection from magic (right hand)
 w - an amulet of resist corrosion (around neck)
 y - an uncursed ring of positive energy
 G - a +2,+6 ring of slaying (left hand)
 H - an uncursed ring of protection from fire
 I - an uncursed ring of protection from cold
Potions
 g - a potion of magic
 m - a potion of flight
 s - 4 potions of curing
 u - 2 potions of might
 B - 2 potions of heal wounds
 F - a potion of resistance
 J - 3 potions of haste
 Q - a potion of berserk rage
 U - a potion of agility
Miscellaneous
 E - a phial of floods
 W - a fan of gales


   Skills:
 + Level 11.1(16.1) Fighting
   Level 9.2(14.2) Short Blades
 * Level 13.1(18.1) Long Blades
 - Level 22.0(27) Slings
 + Level 12.6(17.6) Armour
 - Level 14.1(19.1) Dodging
 - Level 1.3(6.3) Stealth
 * Level 8.3(13.3) Shields
 - Level 8.0 Invocations
 - Level 10.1 Evocations


You had 18 spell levels left.
You didn't know any spells.

Dungeon Overview and Level Annotations

Branches:
Dungeon (15/15)            Temple (1/1) D:7             Orc (4/4) D:9
    Elf (0/3) Orc:4          Lair (8/8) D:10          Swamp (0/5) Lair:4
 Spider (5/5) Lair:4        Slime (0/6) Lair:6       Vaults (0/5) D:14
 Depths (2/5) D:15

Altars:
Ashenzari
Dithmenos
Elyvilon
Fedhas
Kikubaaqudgha
Makhleb
Nemelex Xobeh
Okawaru
Sif Muna
Trog
Xom
Yredelemnul
Zin
The Shining One

Shops:
D:12 ?   D:13 (   Orc:4 %[!!

Annotations:
Lair:6 exclusion: oklob plant


Innate Abilities, Weirdness & Mutations

You are small and have problems with some larger weapons.
You are somewhat resistant to further mutation.
You have a slow metabolism.


Message History

You block the deep troll shaman's attack.
The deep troll shaman claws you but does no damage.
You block the deep troll's attack.
The deep troll claws you but does no damage. x2
The giant eyeball stares at you.
You suddenly lose the ability to move!
The deep troll earth mage bites you.
The deep troll earth mage claws you but does no damage.
The deep troll earth mage claws you!
* * * LOW HITPOINT WARNING * * *
The deep troll shaman bites you!
* * * LOW HITPOINT WARNING * * *
The deep troll shaman claws you but does no damage.
The deep troll shaman claws you!
* * * LOW HITPOINT WARNING * * *
The deep troll bites you but does no damage.
The deep troll claws you but does no damage. x2
The deep troll earth mage bites you but does no damage.
The deep troll earth mage claws you but does no damage.
The deep troll earth mage claws you!
You die...

## ####. ....#
#...# .. ##...#
....#..##T...###
.....G...T@...>#
.(..(((((T%.##.#
...........###
.#......%.#
#.......####
##.....G#..##
#.....(....# #.
#....(###..#
#..######
.........ยงยง$.D...
.........^


You could see a deep troll, a deep troll earth mage, a deep troll shaman and 2
giant eyeballs.

Vanquished Creatures
  A golden dragon (Depths:1)
  Rupert (Spider:1)
  2 fire giants
  2 frost giants (Depths:1)
  4 emperor scorpions
  4 ghost moths
  2 stone giants (Depths:1)
  A white draconian (IceCv)
  2 dire elephants
  2 minotaurs
  5 ettins
  2 fire dragons
  Fannar (Lair:1)
  A rakshasa (Depths:1)
  4 hydras
  Harold (Lair:1)
  Nessos (D:11)
  3 ice dragons
  A spriggan air mage (Depths:2)
  Erica (D:13)
  4 ogre magi
  3 deep troll earth magi (Depths:1)
  The ghost of schwarznadel the Hoplite, an experienced FoFi of the Shining One (D:8)
  4 orc high priests (Orc:4)
  The ghost of Bloax the Carver, a powerful VSBe of Trog (Orc:1)
  Urug (Orc:1)
  3 centaur warriors (D:14)
  3 very ugly things (Depths:1)
  18 death yaks (Depths:1)
  A catoblepas (D:15)
  3 deep troll shamans (Depths:1)
  Nergalle (Orc:2)
  A wizard (D:14)
  A sun demon (Depths:1)
  A deep elf knight (Depths:1)
  3 hell knights (Depths:2)
  An unseen horror (D:14)
  An ice statue (IceCv)
  A deep elf summoner (Depths:1)
  12 deep trolls
  16 orb spiders
  13 hill giants
  Joseph (Orc:4)
  A lindwurm (Lair:8)
  36 wolf spiders
  A griffon (Lair:6)
  An orc sorcerer (Orc:4)
  5 orc knights
  3 manticores
  9 red wasps
  3 cyclopes
  A moth of wrath (Spider:5)
  4 black mambas
  2 gargoyles
  5 yaktaurs (Depths:1)
  6 demonic crawlers
  10 spiny frogs
  A freezing wraith (D:15)
  2 fire drakes
  A tengu conjurer (D:13)
  5 komodo dragons
  2 formicid venom magi (Spider:5)
  A wolf spider simulacrum (D:15)
  4 slime creatures (D:13)
  17 polar bears
  4 giant fireflies (Lair:8)
  6 giant leeches
  A queen bee (D:14)
  39 jumping spiders
  A hydra skeleton (D:11)
  A merfolk (D:9)
  A trapdoor spider zombie (D:14)
  A boulder beetle (Lair:6)
  5 ravens
  5 trolls
  9 two-headed ogres
  20 blink frogs
  12 grizzly bears
  29 trapdoor spiders
  21 ugly things
  53 redbacks
  29 tarantellas
  A spriggan (Lair:3)
  4 basilisks
  2 hill giant zombies
  2 deep elf magi
  10 sharks
  2 vampires
  A shadow (D:13)
  42 yaks
  A deep elf fighter (D:14)
  2 wyverns
  3 elephant slugs
  2 hungry ghosts
  2 wraiths
  41 wolves
  10 hippogriffs
  10 vampire mosquitoes
  A tengu zombie (D:13)
  7 wargs
  2 swamp worms (Lair:4)
  An ogre zombie (D:13)
  14 water moccasins
  A soldier ant (D:9)
  4 hell hounds (Lair:8)
  3 ice beasts
  3 necrophages
  Purgy (D:4)
  7 black bears
  9 porcupines
  30 orc warriors
  4 phantoms
  4 giant goldfish
  3 sky beasts
  2 yellow wasps
  26 ogres
  18 spiders
  18 crocodiles
  5 boring beetles
  A big kobold (D:12)
  8 giant slugs
  16 centaurs
  4 brain worms (Lair:8)
  Blork the orc (D:6)
  8 giant frogs
  A giant slug zombie (D:15)
  7 earth elementals (D:15)
  5 scorpions
  A wyvern skeleton (D:13)
  A manticore simulacrum (D:15)
  10 wights
  33 killer bees
  A spectral elf (D:9)
  4 eyes of draining
  A giant frog zombie (D:11)
  2 goliath beetles
  4 electric eels
  A jelly (D:10)
  9 crimson imps
  4 quasits
  19 hounds
  8 big fish
  47 orc wizards
  34 orc priests
  13 iguanas
  13 worker ants
  11 sheep
  A big kobold zombie (D:10)
  A mummy (D:7)
  49 green rats
  16 adders
  9 giant mites
  3 shadow imps
  24 worms
  An inept feature mimic (D:7)
  An adder skeleton (D:7)
  An iguana skeleton (D:7)
  2 giant eyeballs
  8 giant geckos
  An ooze (D:3)
  175 orcs
  2 giant cockroaches
  26 goblins
  14 hobgoblins
  11 quokkas
  3 ball pythons
  13 bats
  6 giant newts
  4 giant spores
  A goblin skeleton (D:4)
  A hobgoblin skeleton (D:6)
  22 jackals
  28 kobolds
  2 orc skeletons (D:4)
  22 rats
  11 ballistomycetes
  A plant (D:10)
1516 creatures vanquished.

Vanquished Creatures (collateral kills)
  A jumping spider (Spider:5)
  A trapdoor spider (Spider:2)
  A redback (Spider:2)
  A tarantella (Spider:2)
4 creatures vanquished.

Vanquished Creatures (others)
  2 water elementals (Depths:2)
  A giant spore (D:7)
  5 fungi
  13 plants
21 creatures vanquished.

Grand Total: 1541 creatures vanquished

Notes
Turn   | Place    | Note
--------------------------------------------------------------
     0 | D:1      | Froboctopus, the Halfling Hunter, began the quest for the Orb.
     0 | D:1      | Reached XP level 1. HP: 12/12 MP: 1/1
    43 | D:1      | Reached skill level 6 in Slings
   199 | D:1      | Reached XP level 2. HP: 13/18 MP: 2/2
   563 | D:1      | Reached skill level 1 in Short Blades
   715 | D:1      | Reached XP level 3. HP: 6/22 MP: 3/3
   726 | D:1      | HP: 1/22 [poisoned by a giant mite]
  1349 | D:2      | Reached XP level 4. HP: 27/27 MP: 4/4
  1469 | D:2      | Reached skill level 7 in Slings
  2315 | D:3      | Found a glowing golden altar of the Shining One.
  2396 | D:3      | Reached XP level 5. HP: 24/32 MP: 5/5
  2990 | D:4      | Reached skill level 8 in Slings
  3091 | D:4      | Noticed Purgy
  3098 | D:4      | Killed Purgy
  3098 | D:4      | Reached XP level 6. HP: 27/37 MP: 6/6
  3186 | D:4      | Found a deep blue altar of Sif Muna.
  3236 | D:4      | Found a shimmering altar of Xom.
  3366 | D:4      | Reached skill level 9 in Slings
  3518 | D:4      | Reached XP level 7. HP: 15/42 MP: 7/7
  4030 | D:5      | Entered Level 5 of the Dungeon
  4309 | D:5      | Reached skill level 5 in Dodging
  4316 | D:5      | Reached skill level 10 in Slings
  4507 | D:5      | Got a twisted robe
  4514 | D:5      | Identified the cursed -2 robe of Feasting {Str-4 Int-2} (You found it on level 5 of the Dungeon)
  4582 | D:5      | Reached XP level 8. HP: 24/47 MP: 8/8
  4604 | D:5      | Reached skill level 5 in Short Blades
  5236 | D:6      | Reached skill level 11 in Slings
  5307 | D:6      | Noticed a troll
  5314 | D:6      | Killed a troll
  5447 | D:6      | Noticed Blork the orc
  5451 | D:6      | Killed Blork the orc
  5751 | D:6      | Reached XP level 9. HP: 37/52 MP: 9/9
  5953 | D:7      | Reached skill level 12 in Slings
  6418 | D:7      | Found a staircase to the Ecumenical Temple.
  6446 | Temple   | Entered the Ecumenical Temple
  6490 | Temple   | Became a worshipper of Warmaster Okawaru
  6549 | D:7      | Reached skill level 13 in Slings
  6753 | D:7      | Acquired Okawaru's first power
  7376 | D:8      | Identified a scroll of acquirement
  7639 | D:8      | Reached XP level 10. HP: 57/57 MP: 7/10
  7663 | D:8      | Noticed schwarznadel's ghost (experienced FoFi)
  7688 | D:8      | Killed schwarznadel's ghost
  7688 | D:8      | Reached skill level 14 in Slings
  8026 | D:9      | Noticed a gargoyle
  8553 | D:9      | Reached skill level 1 in Fighting
  8618 | D:9      | Reached skill level 15 in Slings
  8861 | D:9      | Found a staircase to the Orcish Mines.
  9265 | D:9      | Found a basalt altar of Yredelemnul.
  9464 | D:10     | Entered Level 10 of the Dungeon
  9663 | D:10     | Reached XP level 11. HP: 66/66 MP: 11/11
  9740 | D:10     | Got an ancient robe
  9748 | D:10     | Identified the +0 robe of the Arcane {Str-2} (You found it on level 10 of the Dungeon)
  9786 | D:10     | Reached skill level 16 in Slings
  9797 | D:10     | Reached skill level 10 in Dodging
  9841 | D:10     | Found a staircase to the Lair.
 10016 | D:10     | Noticed a hill giant
 10023 | D:10     | Killed a hill giant
 10023 | D:10     | Received a gift from Okawaru
 10491 | D:10     | Noticed a hill giant
 10509 | D:10     | Killed a hill giant
 11052 | Lair:1   | Entered Level 1 of the Lair of Beasts
 11058 | Lair:1   | Reached skill level 17 in Slings
 11109 | Lair:1   | Received a gift from Okawaru
 11189 | Lair:1   | Acquired Okawaru's second power
 11258 | Lair:1   | Noticed Fannar
 11270 | Lair:1   | Killed Fannar
 11510 | Lair:1   | Received a gift from Okawaru
 11510 | Lair:1   | Reached skill level 5 in Fighting
 11510 | Lair:1   | Reached XP level 12. HP: 75/77 MP: 12/12
 11715 | Lair:1   | Reached skill level 18 in Slings
 11766 | Lair:1   | Noticed Harold
 11779 | Lair:1   | Killed Harold
 12573 | Lair:2   | Reached skill level 19 in Slings
 12677 | Lair:2   | Found a basalt altar of Yredelemnul.
 13295 | Lair:3   | Received a gift from Okawaru
 13572 | Lair:3   | Noticed a seven-headed hydra
 13579 | Lair:3   | Killed a seven-headed hydra
 13856 | Lair:3   | Reached XP level 13. HP: 85/85 MP: 13/13
 14191 | Lair:4   | Found a hole to the Spider Nest.
 14540 | Lair:4   | Found a staircase to the Swamp.
 14775 | Lair:4   | Reached skill level 20 in Slings
 15897 | Lair:5   | Received a gift from Okawaru
 16115 | Lair:5   | Got a transparent falchion
 16116 | Lair:5   | Identified the +5,+11 falchion "Nomnef" {flame, Int+3 Stlth+} (You found it on level 5 of the Lair of Beasts)
 16371 | Lair:5   | Received a gift from Okawaru
 16811 | Lair:6   | Reached skill level 1 in Long Blades
 16986 | Lair:6   | Found a staircase to the Slime Pits.
 16986 | Lair:6   | Noticed an acid blob
 16988 | Lair:6   | Noticed an acid blob
 17072 | Lair:6   | Found a blossoming altar of Fedhas.
 17661 | Lair:7   | Reached skill level 21 in Slings
 17847 | Lair:7   | Received a gift from Okawaru
 17848 | Lair:7   | Got a smoking quick blade {god gift}
 17849 | Lair:7   | Identified the +3,-3 quick blade of the Puffball {freeze, rF+ rC+ Int-1} (Okawaru gifted it to you on level 7 of the Lair of Beasts)
 18742 | Lair:8   | Entered Level 8 of the Lair of Beasts
 18808 | Lair:8   | Found a frozen archway.
 18824 | Lair:8   | Reached XP level 14. HP: 86/95 MP: 12/14
 18849 | IceCv    | Entered an ice cave
 18860 | IceCv    | Reached skill level 5 in Long Blades
 18866 | IceCv    | Received a gift from Okawaru
 19424 | IceCv    | Received a gift from Okawaru
 20216 | Lair:8   | Reached skill level 22 in Slings
 20873 | Lair:8   | Received a gift from Okawaru
 20949 | Lair:8   | Reached skill level 1 in Armour
 20978 | Lair:8   | Received a gift from Okawaru
 21277 | Lair:8   | Received a gift from Okawaru
 21498 | Lair:8   | Received a gift from Okawaru
 22300 | D:11     | Reached XP level 15. HP: 97/102 MP: 15/15
 22325 | D:11     | Noticed Nessos
 22421 | D:11     | Reached skill level 10 in Long Blades
 22598 | D:11     | Killed Nessos
 22607 | D:11     | Identified the Compendium of the Captivating Escort
 22976 | D:12     | Received a gift from Okawaru
 23369 | D:12     | Found a portal to a secret trove of treasure.
 23433 | D:12     | Found Stoyj's Magic Scroll Shop.
 23447 | D:12     | Bought a scroll of identify for 30 gold pieces
 23447 | D:12     | Bought a scroll of brand weapon for 300 gold pieces
 23447 | D:12     | Bought a scroll of identify for 30 gold pieces
 23447 | D:12     | Bought a scroll of vulnerability for 112 gold pieces
 23447 | D:12     | Bought a scroll of summoning for 142 gold pieces
 23696 | D:13     | Received a gift from Okawaru
 24127 | D:13     | Noticed Erica
 24167 | D:13     | Killed Erica
 24249 | D:13     | Reached skill level 10 in Fighting
 24400 | D:13     | Received a gift from Okawaru
 24484 | D:13     | Found Theus' Weapon Emporium.
 24541 | D:13     | Reached skill level 5 in Armour
 24850 | D:14     | Found a gate to the Vaults.
 24865 | D:14     | Received a gift from Okawaru
 25021 | D:14     | Received a gift from Okawaru
 25458 | D:14     | Found an iron altar of Okawaru.
 25492 | D:14     | Received a gift from Okawaru
 25729 | D:15     | Entered Level 15 of the Dungeon
 25989 | D:15     | Received a gift from Okawaru
 26253 | D:15     | Reached XP level 16. HP: 101/110 MP: 16/16
 26582 | D:15     | Found a staircase to the Depths.
 26586 | D:15     | Noticed a fire giant
 26601 | D:15     | Killed a fire giant
 27213 | Orc:1    | Entered Level 1 of the Orcish Mines
 27508 | Orc:1    | Noticed Urug
 27559 | Orc:1    | Killed Urug
 27624 | Orc:1    | Noticed Bloax's ghost (powerful VSBe)
 27759 | Orc:1    | Killed Bloax's ghost
 28699 | Orc:2    | Noticed Nergalle
 28816 | Orc:2    | Killed Nergalle
 29479 | Orc:4    | Entered Level 4 of the Orcish Mines
 29479 | Orc:4    | Found a staircase to the Elven Halls.
 29657 | Orc:4    | Found an iron altar of Okawaru.
 30257 | Orc:4    | Reached skill level 1 in Evocations
 30304 | Orc:4    | Found Qayqap's Food Boutique.
 30304 | Orc:4    | Found Khaik's Distillery.
 30304 | Orc:4    | Found Khicsob's Antique Armour Boutique.
 30319 | Orc:4    | Found Wiosoj's Distillery.
 30357 | Orc:4    | Reached skill level 1 in Invocations
 30359 | Orc:4    | Noticed Joseph
 30364 | Orc:4    | Killed Joseph
 30364 | Orc:4    | Received a gift from Okawaru
 30409 | Orc:4    | Bought a potion of paralysis for 12 gold pieces
 30409 | Orc:4    | Bought a potion of heal wounds for 36 gold pieces
 30412 | Orc:4    | Bought a potion of heal wounds for 42 gold pieces
 30412 | Orc:4    | Bought a potion of heal wounds for 42 gold pieces
 30417 | Orc:4    | Bought a shiny ring mail for 124 gold pieces
 30426 | Orc:4    | Bought a glowing ring mail for 124 gold pieces
 31647 | Spider:1 | Entered Level 1 of the Spider Nest
 32183 | Spider:1 | Received a gift from Okawaru
 32213 | Spider:1 | Got a faintly humming cloak {god gift}
 32344 | Spider:1 | Identified the +1 cloak of Peek-a-Boo {rF+ Curse} (Okawaru gifted it to you on level 1 of the Spider Nest)
 32376 | Spider:1 | Noticed Rupert
 32616 | Spider:1 | Paralysed by Rupert for 7 turns
 32638 | Spider:1 | Killed Rupert
 33681 | Spider:2 | Reached XP level 17. HP: 88/116 MP: 24/24
 33743 | Spider:2 | Reached skill level 5 in Evocations
 33977 | Spider:2 | Got a pair of fine gloves
 33981 | Spider:2 | Identified the +1 pair of gloves of Psuavuragi {rN+ SInv} (You acquired it on level 2 of the Spider Nest)
 34027 | Spider:2 | Reached skill level 5 in Invocations
 35164 | Spider:3 | Received a gift from Okawaru
 35276 | Spider:3 | Received a gift from Okawaru
 35704 | Spider:3 | Reached skill level 10 in Armour
 36110 | Spider:4 | Received a gift from Okawaru
 36522 | Spider:5 | Entered Level 5 of the Spider Nest
 37304 | Spider:5 | Received a gift from Okawaru
 37745 | Spider:5 | Reached XP level 18. HP: 36/122 MP: 11/29
 39381 | Spider:5 | Got a gossamer rune of Zot
 40157 | Trove    | Entered a treasure trove
 40165 | Trove    | Got a fine buckler
 40187 | Trove    | Identified the +1 buckler of the Demon Prince {rElec} (You found it in a treasure trove)
 40194 | Trove    | Got a polished buckler
 40198 | Trove    | Identified the -3 buckler "Chymobb" {Int+5} (You found it in a treasure trove)
 40210 | Trove    | Got a steaming jade ring
 40213 | Trove    | Identified the ring of Caunuzxocar {+/*Tele rPois} (You found it in a treasure trove)
 40248 | Trove    | Gained mutation: Your vision is a little blurry. [a shining eye]
 40438 | Depths:1 | Entered Level 1 of the Depths
 40540 | Depths:1 | Reached skill level 1 in Shields
 40549 | Depths:1 | Found an iron altar of Okawaru.
 41350 | Depths:1 | Received a gift from Okawaru
 42070 | Depths:2 | Received a gift from Okawaru
 42100 | Depths:2 | Reached skill level 10 in Evocations
 42109 | Depths:2 | Reached skill level 5 in Shields
 42486 | Depths:2 | Noticed a golden dragon
 42508 | Depths:2 | Received a gift from Okawaru
 42922 | Depths:1 | Reached XP level 19. HP: 108/127 MP: 31/31
 42992 | Depths:1 | Lost mutation: Your vision is a little blurry. [potion of cure mutation]
 42997 | Depths:1 | Identified a +0 cloak of preservation (Okawaru gifted it to you on level 2 of the Depths)
 44262 | D:15     | Got a polished buckler
 44268 | D:15     | Identified the cursed -3 buckler "Hasemaak" {+Inv rElec rPois rC+ Dex+2} (You found it on level 15 of the Dungeon)
 44775 | Depths:1 | Paralysed by a giant eyeball for 2 turns
 45578 | Depths:1 | Killed a golden dragon
 45970 | D:12     | Bought a scroll of enchant armour for 112 gold pieces
 46620 | Depths:2 | Paralysed by a giant eyeball for 3 turns
 46627 | Depths:2 | Paralysed by a giant eyeball for 4 turns
 46629 | Depths:2 | Slain by a deep troll earth mage

Action                   |  1- 3 |  4- 6 |  7- 9 | 10-12 | 13-15 | 16-18 | 19-21 || total
-------------------------+-------+-------+-------+-------+-------+-------+-------++-------
Melee: Short sword       |    83 |   122 |    57 |       |       |       |       ||   262
       Dagger            |       |       |    95 |    35 |     3 |       |       ||   133
       Demon trident     |       |       |       |    38 |       |       |       ||    38
       Quick blade       |       |       |       |       |   120 |       |       ||   120
       Falchion          |       |       |       |       |   448 |  1010 |       ||  1458
       Scimitar          |       |       |       |       |       |    92 |       ||    92
       Demon blade       |       |       |       |       |       |   154 |   253 ||   407
 Fire: Sling             |    25 |   121 |   359 |   785 |  1321 |   973 |    85 ||  3669
Throw: Stone             |       |       |       |       |     2 |     2 |       ||     4
Invok: Heroism           |       |       |       |     6 |     8 |    16 |     7 ||    37
Evoke: Wand              |       |       |     2 |     4 |     9 |    23 |     4 ||    42
       Fan of gales      |       |       |       |       |       |     3 |       ||     3
       Phial of floods   |       |       |       |       |       |     3 |       ||     3
  Use: Potion            |     1 |       |     1 |       |     5 |     5 |     1 ||    13
       Scroll            |       |       |    17 |    13 |    11 |    16 |    10 ||    67
 Stab: Sleeping          |       |       |       |       |     3 |    11 |       ||    14
       Distracted        |       |       |       |       |       |     1 |       ||     1
